 Dungeon Crawl Stone Soup version 0.25-a0-460-g4f2eb97ec1 (webtiles) character file.

Game seed: 6433018685533130264, levelgen mode: deterministic

74 PsychoGun the Skirmisher (level 4, -3/52 HPs)
             Began as a Human Monk on Feb 3, 2020.
             Slain by a gnoll
             ... wielding a +0 spear
              (5 damage)
             ... on level 2 of the Dungeon.
             The game lasted 00:03:56 (1208 turns).

PsychoGun the Skirmisher (Human Monk)               Turns: 1208, Time: 00:03:57

Health: -3/52      AC:  7    Str: 17    XL:     4   Next: 52%
Magic:  13/13      EV: 11    Int: 10    God:
Gold:   48         SH:  0    Dex: 16    Spells: 3/3 levels left

rFire    . . .     SeeInvis .   a - +0 falchion
rCold    . . .     Gourm    .   (no shield)
rNeg     . . .     Faith    .   e - +1 scale mail
rPois    .         Spirit   .   (no helmet)
rElec    .         Reflect  .   (no cloak)
rCorr    .         Harm     .   (no gloves)
MR       .....                  (no boots)
Stlth    ..........             R - amulet of rage
HPRegen  0.17/turn              M - ring of magical power
MPRegen  0.13/turn              (no ring)

@: berserking, very quick
A: no striking features
a: Evoke Berserk Rage


You were on level 2 of the Dungeon.
You were very hungry.

You visited 1 branch of the dungeon, and saw 2 of its levels.

You collected 48 gold pieces.

Inventory:

Hand Weapons
 a - a +0 falchion (weapon)
Missiles
 b - 38 stones
 g - 28 poisoned darts (quivered)
Armour
 e - a +1 scale mail (worn)
Jewellery
 M - a ring of magical power (left hand)
 R - an amulet of rage (around neck)
Potions
 d - a potion of heal wounds {unknown}
 h - a potion of might {unknown}
Comestibles
 c - 3 rations
 f - 2 chunks of flesh


   Skills:
 - Level 3.3 Fighting
 - Level 3.3 Long Blades
 + Level 3.0 Throwing
 - Level 3.0 Dodging
 - Level 2.0 Stealth


You had 3 spell levels left.
You didn't know any spells.
Your spell library was empty.

Dungeon Overview and Level Annotations

Branches:
Dungeon (2/15)

Altars:

Annotations:
D:2 Robin


Message History

The orc priest is heavily wounded.
The orc hits you with a +0 trident.
* * * LOW HITPOINT WARNING * * *
The orc barely misses you.
The orc priest mumbles some strange prayers to Beogh against you.
Beogh smites you!
* * * LOW HITPOINT WARNING * * *
The gnoll hits you from afar with a +0 spear.
* * * LOW HITPOINT WARNING * * *
The orc hits you but does no damage.
You slash the orc priest!
You kill the orc priest!
Your Throwing skill increases to level 3!
You have reached level 4!
You feel agile. The orc barely misses you.
You riposte.
You closely miss the orc.
The orc is heavily wounded.
The orc closely misses you.
The gnoll hits you from afar with a +0 spear.
You die...

###....g##..(#########.
.(....####.)..##
####....##÷#### . #
#....# ####### #.
#..>.# #.....#
#.#####...####.....#
##............#.....#
........)...l.o)....#
#...(.(###.g.@oo...#
#..###†.# #####o......#
#..## #.......# .(.#
##....... #(## .#.....
#(. .#..##. #.. ## .#
.. # ....


You could see a gnoll, 4 orcs and a frilled lizard.

Vanquished Creatures
  An orc priest (D:2)
  An adder (D:2)
  A dart slug (D:1)
  4 bats (D:1)
  10 goblins
  8 hobgoblins
  2 frilled lizards (D:1)
  2 kobolds (D:1)
  3 rats (D:1)
32 creatures vanquished.

Notes
Turn   | Place    | Note
-------+----------+-------------------------------------------
     0 | D:1      | PsychoGun the Human Monk began the quest for the Orb.
     0 | D:1      | Reached XP level 1. HP: 18/18 MP: 1/1
     3 | D:1      | Noticed an electric eel
     3 | D:1      | Noticed an electric eel
   309 | D:1      | Reached XP level 2. HP: 24/24 MP: 2/2
   623 | D:1      | Reached skill level 1 in Throwing
   650 | D:1      | Reached XP level 3. HP: 29/29 MP: 3/3
   941 | D:2      | Noticed Robin
  1207 | D:2      | HP: 1/43 [gnoll/+0 spear (4)]
  1208 | D:2      | Reached XP level 4. HP: 2/35 MP: 4/4
  1208 | D:2      | Slain by a gnoll

Levels and vault maps discovered:
D:1:      arrival_aquarium_b, layout_loops_ring
D:2:      layout_rooms, uniq_robin

Skill      XL: |  1  2  3 |
---------------+----------+-----
Throwing       | 1 3 |  3.0
Fighting       | |  3.3
Long Blades    | |  3.3
Dodging        | |  3.0
Stealth        | |  2.0

Action                   |  1- 3 |  4- 6 || total
-------------------------+-------+-------++-------
Melee: Falchion          |    94 |       ||    94
Throw: Dart              |     9 |       ||     9
 Abil: Evoke Berserk Rag |     1 |       ||     1
  Use: Scroll            |     3 |       ||     3
  Eat: Chunk             |     1 |       ||     1
Armor: Scale mail        |    50 |       ||    50
Dodge: Dodged            |    64 |     2 ||    66
       Rpst.: Falchion   |    21 |     1 ||    22

Table legend:
 A = Non-vault XP
 B = Vault XP
 C = Vault XP percentage of total XP
 D = Non-vault monster count
 E = Vault monster count
 F = Vault count percentage of total count
                 A         B        C        D         E       F
            +---------+---------+-------+---------+---------+-------
      Total |      98 |       8 |   7.5 |      28 |       4 |  12.5
            +---------+---------+-------+---------+---------+-------
        D:1 |      38 |       8 |  17.4 |      23 |       4 |  14.8
        D:2 |      60 |       0 |   0.0 |       5 |       0 |   0.0
            +---------+---------+-------+---------+---------+-------
